 Dungeon Crawl Stone Soup version 0.25-a0-10-g2fe12d4386 (webtiles) character file.

Game seed: 1148707623283077453, levelgen mode: deterministic

506 Arixos the Grave Robber (level 7, -1/35 HPs)
             Began as a Vine Stalker Necromancer on Oct 14, 2019.
             Was an Initiate of Ru.
             Slain by an orc wizard
             ... wielding a +0 dagger
              (2 damage)
             ... on level 4 of the Dungeon.
             The game lasted 00:14:49 (3722 turns).

Arixos the Grave Robber (Vine Stalker Necromancer)  Turns: 3722, Time: 00:14:50

Health: -1/35      AC:  5    Str: 10    XL:     7   Next: 18%
Magic:  0/14       EV: 13    Int: 15    God:    Ru [......]
Gold:   119        SH:  0    Dex: 17    Spells: 7/14 levels left

rFire    . . .     SeeInvis .   f - +2 dagger (elec)
rCold    . . .     Gourm    .   (no shield)
rNeg     . . .     Faith    .   d - +0 leather armour
rPois    .         Spirit   +   g - +0 helmet
rElec    .         Reflect  .   (no cloak)
rCorr    .         Harm     .   o - +0 pair of gloves
MR       .....                  (no boots)
Stlth    ++........             (no amulet)
HPRegen  0.51/turn              (no ring)
MPRegen  0.14/turn              (no ring)

@: lethally poisoned (-1 -> -3)
A: fangs 2, regeneration 1, magic shield, antimagic bite, no potion heal 3, rot
immunity
a: Renounce Religion


You were on level 4 of the Dungeon.
You worshipped Ru.
Ru was noncommittal.
You were hungry.

You visited 2 branches of the dungeon, and saw 5 of its levels.

You collected 119 gold pieces.

Inventory:

Hand Weapons
 f - a +2 dagger of electrocution (weapon)
Missiles
 n - 20 poisoned darts (quivered)
 q - 7 curare-tipped darts
Armour
 d - a +0 leather armour (worn)
 g - a +0 helmet (worn)
 o - a +0 pair of gloves (worn)
Jewellery
 p - an uncursed ring of fire {unknown}
 s - an uncursed amulet of the acrobat {unknown}
Scrolls
 e - 5 scrolls of identify {unknown}
 h - 2 scrolls of blinking {unknown}
 i - a scroll of remove curse {unknown}
 l - 2 scrolls of teleportation {unknown}
 u - a scroll of enchant weapon {unknown}
Potions
 a - a potion of invisibility {unknown}
 b - 3 potions of curing {unknown}
 j - a potion of berserk rage {unknown}
 k - a potion of magic {unknown}
 m - a potion of haste {unknown}
 r - a potion of lignification {unknown}
 v - a potion of mutation {unknown}
Comestibles
 c - 6 rations
 t - 5 chunks of flesh


   Skills:
 + Level 2.7 Fighting
 + Level 3.1 Dodging
 - Level 2.4 Stealth
 + Level 4.0 Spellcasting
 + Level 2.5 Charms
 + Level 5.2 Necromancy


You had 7 spell levels left.
You knew the following spells:

 Your Spells              Type           Power        Failure   Level  Hunger
a - Pain                  Necr           ###.         2%          1    None
d - Vampiric Draining     Necr           ###.......   9%          3    ###....
r - Regeneration          Chrm/Necr      ##........   14%         3    ###....

Your spell library contained the following spells:

 Spells                   Type           Power        Failure   Level  Hunger
 Animate Skeleton         Necr           N/A          2%          1    None
 Animate Dead             Necr           N/A          28%         4    ####...


Dungeon Overview and Level Annotations

Branches:
Dungeon (4/15)             Temple (1/1) D:4

Altars:
Ashenzari
Cheibriados
Dithmenos
Gozag
Hepliaklqana
Kikubaaqudgha
Makhleb
Nemelex Xobeh
Okawaru
Qazlal
Ru
Sif Muna
Trog
Vehumet
Xom
Yredelemnul
Zin


Innate Abilities, Weirdness & Mutations

You have extremely sharp teeth.
Your natural rate of healing is unusually fast.
When hurt, damage is shared between your health and your magic reserves.
Your bite disrupts and absorbs the magic of your enemies.
Potions cannot restore your health.
You are immune to rotting.


Message History

The orc hits you with a +0 short sword.
* * * LOW HITPOINT WARNING * * *
Casting: Vampiric Draining (safe; 9% risk of failure)
Confirm with . or Enter, or press ? or * to list all spells.
You don't know that spell.
Casting: Vampiric Draining (safe; 9% risk of failure)
Confirm with . or Enter, or press ? or * to list all spells.
Aiming: Vampiric Draining (safe; 9% risk of failure)
Press: ? - help, Shift-Dir - straight line, f/p - orc priest
Aim: an orc priest, wielding a +0 short sword and wearing a +0 leather armour (almost dead)
You kill the orc priest!
You feel life coursing into your body.
You feel sick.
Something hits you but does no damage. x2; The orc hits you but does no damage.
You hit the orc but do no damage. Your bite misses the orc.
You feel sick. Something barely misses you.
The orc hits you with a +0 short sword!
* * * LOW HITPOINT WARNING * * *
You barely miss the orc.
* * * LOW HITPOINT WARNING * * *
You feel sick. Something hits you.
You die...

#...............
##.. #a............
##... #...........#
##.... #.........#
##..... ##.#.....##
##...... #..######
##....... #..#
#........ #)o##
#........ ##@{#
##........
#..######.........
#..##..)..........
##.....####.......
###....## #.......
.^....##..#
#.......
###....#..#
#.......
##......#####......
#......).###......


You could see an orc.

Vanquished Creatures
  2 ogres (D:4)
  A scorpion (D:4)
  2 orc priests
  An orc wizard (D:3)
  2 worker ants (D:4)
  Terence (D:2)
  3 gnolls (D:4)
  3 adders
  An ooze (D:1)
  2 worms
  2 dart slugs
  2 leopard geckos
  7 orcs
  5 bats
  3 giant cockroaches
  6 goblins
  5 hobgoblins
  8 kobolds
  A quokka (D:2)
  2 frilled lizards
  A leopard gecko skeleton (D:3)
  A quokka skeleton (D:4)
  9 rats
70 creatures vanquished.

Vanquished Creatures (others)
  A dart slug (D:2)
  2 goblins (D:2)
3 creatures vanquished.

Grand Total: 73 creatures vanquished

Notes
Turn   | Place    | Note
-------+----------+-------------------------------------------
     0 | D:1      | Arixos the Vine Stalker Necromancer began the quest for the
                  | Orb.
     0 | D:1      | Reached XP level 1. HP: 9/9 MP: 4/4
   111 | D:1      | Reached XP level 2. HP: 5/14 MP: 4/6
   773 | D:1      | Reached XP level 3. HP: 16/17 MP: 7/7
   934 | D:1      | Reached skill level 1 in Fighting
  1924 | D:2      | Learned a level 3 spell: Vampiric Draining
  1928 | D:2      | Learned a level 3 spell: Regeneration
  1944 | D:2      | Noticed Terence
  1955 | D:2      | Killed Terence
  1955 | D:2      | Gained mutation: Your natural rate of healing is unusually
                  | fast. [Vine Stalker growth]
  1955 | D:2      | Reached XP level 4. HP: 15/22 MP: 0/9
  2061 | D:2      | Found a radiant altar of Vehumet.
  2316 | D:3      | Reached skill level 1 in Charms
  2321 | D:3      | Reached XP level 5. HP: 24/26 MP: 8/10
  2495 | D:3      | Found a hazy altar of Hepliaklqana.
  3124 | D:4      | Found a staircase to the Ecumenical Temple.
  3131 | D:4      | Reached XP level 6. HP: 28/30 MP: 10/12
  3148 | Temple   | Entered the Ecumenical Temple
  3323 | Temple   | Became a worshipper of Ru the Awakened
  3395 | D:4      | Found a sparkling altar of Nemelex Xobeh.
  3395 | D:4      | Found a transporter.
  3574 | D:4      | Reached skill level 5 in Necromancy
  3586 | D:4      | Reached XP level 7. HP: 19/35 MP: 3/13
  3721 | D:4      | HP: 1/35 [orc/+0 short sword (7)]
  3722 | D:4      | Slain by an orc wizard

Levels and vault maps discovered:
D:1:      dpeg_arrival_refuge, layout_loops_ring
D:2:      layout_loops_ring, fiery_altar_vehumet, uniq_terence
D:3:      layout_basic, first_ration, corner_web_ring, lemuel_statue_altar
D:4:      layout_cave_pods, minmay_temple_entry_large_hall,
          grunt_nemelex_the_gamble
Temple:   regret_index_temple_generic_petals

Skill      XL: |  1  2  3  4  5  6  7 |
---------------+----------------------+-----
Dodging        | 2 3 |  3.1
Fighting       | 1 2 |  2.7
Spellcasting   | 3 4 |  4.0
Charms         | 1 2 |  2.5
Necromancy     | 5 |  5.2
Stealth        | |  2.4

Action                   |  1- 3 |  4- 6 |  7- 9 || total
-------------------------+-------+-------+-------++-------
Melee: Dagger            |    14 |    87 |    28 ||   129
       Bite              |     9 |    23 |     3 ||    35
       Whip              |    40 |       |       ||    40
 Cast: Pain              |    46 |     8 |       ||    54
       Vampiric Draining |       |     6 |     3 ||     9
       Regeneration      |       |       |     1 ||     1
 Stab: Sleeping          |     2 |     2 |       ||     4
  Eat: Chunk             |     4 |     5 |     1 ||    10
Armor: Robe              |    14 |       |       ||    14
       Leather armour    |       |    17 |    13 ||    30
Dodge: Dodged            |    40 |    39 |    11 ||    90

Table legend:
 A = Non-vault XP
 B = Vault XP
 C = Vault XP percentage of total XP
 D = Non-vault monster count
 E = Vault monster count
 F = Vault count percentage of total count
                 A         B        C        D         E       F
            +---------+---------+-------+---------+---------+-------
      Total |     572 |     151 |  20.9 |      67 |       3 |   4.3
            +---------+---------+-------+---------+---------+-------
        D:1 |      44 |       0 |   0.0 |      23 |       0 |   0.0
        D:2 |      32 |      32 |  50.0 |      12 |       1 |   7.7
        D:3 |     142 |       0 |   0.0 |      19 |       0 |   0.0
        D:4 |     354 |     119 |  25.2 |      13 |       2 |  13.3
            +---------+---------+-------+---------+---------+-------
